 Dungeon Crawl Stone Soup version 0.28-a0-268-g3f656e82c2 (webtiles) character file.

Game seed: 3566348883046428264

0 SkeletonJelly the Ducker (level 1, -8/11 HPs)
             Began as a Spriggan Abyssal Knight on Aug 28, 2021.
             Was a Follower of Lugonu.
             Mangled by a sixfirhy (12 damage)
             ... on level 2 of the Abyss.
             The game lasted 00:00:26 (68 turns).

SkeletonJelly the Ducker (Spriggan Abyssal Knight)    Turns: 68, Time: 00:00:27

Health: -8/11      AC:  2    Str:  8    XL:     1   Next: 0%
Magic:  3/3        EV: 17    Int: 13    God:    Lugonu [*.....]
Gold:   0          SH:  0    Dex: 14    Spells: 0/0 levels left

rFire   . . .      SeeInvis +   a - +1 short sword
rCold   . . .      Faith    .   (shield restricted)
rNeg    . . .      Spirit   .   b - +0 robe
rPois   .          Reflect  .   (helmet restricted)
rElec   .          Harm     .   (no cloak)
rCorr   .          Rampage  .   (gloves unavailable)
Will    .....                   (boots unavailable)
Stlth   +.........              (no amulet)
HPRegen 0.03/turn               (no ring)
MPRegen 0.08/turn               (no ring)

@: very quick
A: very small, no large weapons, unfitting armour, see invisible, speed 3
a: Renounce Religion, Depart the Abyss


You were on level 2 of the Abyss.
You worshipped Lugonu.
Lugonu was aware of your devotion.
You visited 0 branches of the dungeon, and saw 0 of its levels.
You visited the Abyss 1 time.

Inventory:

Hand Weapons
 a - a +1 short sword (weapon)
Armour
 b - a +0 robe (worn)
Scrolls
 c - a scroll of teleportation {unknown}


   Skills:
 + Level 2.4 Fighting
 + Level 2.1 Short Blades
 + Level 3.2 Dodging
 + Level 1.7 Invocations


You couldn't memorise any spells.
You didn't know any spells.
Your spell library was empty.

Dungeon Overview and Level Annotations

Branches:
Dungeon (0/15)

Altars:


Innate Abilities, Weirdness & Mutations

You are very small and have problems with some larger weapons.
You are too small for most types of armour.
You have supernaturally acute eyesight. (SInv)
You cover ground extremely quickly. (Speed+++)


Message History

Welcome, SkeletonJelly the Spriggan Abyssal Knight.
Will you be the one to retrieve the awesome Orb of Zot from the depths?
Lugonu says: Depart the Abyss and spread corruption, my servant! (use the ability menu to exit the Abyss) Press ? for a list of commands and other information.
Found a corrupted altar of Lugonu.
Found 25 sling bullets.
Found a gateway leading deeper into the Abyss.
There is a gateway leading deeper into the Abyss here.
You plunge deeper into the Abyss.
Found a scroll labelled CIUQ XOBOE.
Found a corrupted altar of Lugonu.
A tentacled starspawn comes into view.
c - a scroll labelled CIUQ XOBOE Tentacles burst from the starspawn's body! 2 starspawn tentacles come into view.
A dread lich comes into view.
The dread lich shouts!
A sixfirhy comes into view.
The dread lich mumbles some strange words.
The dread lich seems to speed up.
Tentacles burst from the starspawn's body! 2 starspawn tentacles come into view.
The sixfirhy completely misses you. The sixfirhy hits you!
Ouch! That really hurt!
The sixfirhy shocks you!
Ouch! That really hurt!
You die...

##.#.# ##. #...# #..
####... #.# #.
#..#..###.###... .#
.##.##.#.##..#
.............#
........L.....# ###
. .......#..w####..#
........##..X..#@.#
....._ . #..│#.3..#
......#......w#....#
.....##......#######
.............#.#
............# . ..
...##...##
.........#.... # .
...........# .#


You could see a sixfirhy and a starspawn tentacle.

Vanquished Creatures (others)
  2 starspawn tentacles (Abyss:2)
2 creatures vanquished.

Notes
Turn   | Place    | Note
-------+----------+-------------------------------------------
     0 | Abyss:1  | SkeletonJelly the Spriggan Abyssal Knight began the quest
                  | for the Orb.
     0 | Abyss:1  | Reached XP level 1. HP: 11/11 MP: 3/3
    32 | Abyss:2  | Found a corrupted altar of Lugonu.
    34 | Abyss:2  | Noticed a tentacled starspawn
    53 | Abyss:2  | Noticed a dread lich
    56 | Abyss:2  | Noticed a sixfirhy
    68 | Abyss:2  | Mangled by a sixfirhy

Illustrated notes

Levels and vault maps discovered:
Abyss:2:  base:
Temple

Action                   || total
-------------------------++-------
Dodge: Dodged            ||     1

Table legend: (Time is in decaauts)
 A = Elapsed time spent in this place.
 B = Non-inter-level travel time spent in this place.
 C = Inter-level travel time spent in this place.
 D = Time resting spent in this place.
 E = Time spent auto-exploring this place.
 F = Levels seen in this place.
 G = Mean time per level.
                   A        B        C        D        E       F      G
               +--------+--------+--------+--------+--------+-----+--------+
         Total |     41 |     41 |      0 |      0 |     13 |   2 |   20.5 |
         Abyss |     41 |     41 |      0 |      0 |     13 |   2 |   20.5 |
               +--------+--------+--------+--------+--------+-----+--------+

Top non-repeatable levels by time:
 Abyss:2: 22 daAuts
 Abyss:1: 19 daAuts
